AoeStats
← kob61

Black Forest

510365398Analyzed
3v3 RM · 15h ago on Sep 30, 2026· 51m 40s· 6 players
Game mode
Random Map
Map size
Normal (6 player)
Population
200
Speed
Normal
Resources
Standard
Victory
Conquest
Starting age
Dark Age
Ending age
Imperial Age
RankedLock teamsTeams togetherTeam positionsShared explorationLock speedFull tech treeHidden civsTurbo modeCheats
Victory
Defeat
🇹🇷 Poles · Türkiye
998
+8
🇹🇷 Teutons · Türkiye
845
+14
🇹🇷 Franks · Türkiye
820
+15
🇬🇧 Japanese · United Kingdom
850
-14
🇮🇳 Khmer · India
786
-12
🇬🇧 Romans · United Kingdom
775
-11
Spooky Bassoon
6:58 Loom
11:32 Feudal Age
14:17 Double-Bit Axe
15:06 Horse Collar
18:14 Castle Age
16:54 Gold Mining
17:22 Forging
17:29 Scale Mail Armor
18:29 Pikeman
20:48 Fletching
22:26 Caravan
23:35 Wheelbarrow
28:45 Ballistics
29:05 Iron Casting
28:46 Chain Mail Armor
28:39 Scale Barding Armor
34:29 Imperial Age
33:22 Chain Barding Armor
33:16 Ballistas
33:17 Elite Skirmisher
34:49 Bodkin Arrow
34:55 Padded Archer Armor
35:03 Halberdier
36:55 Blast Furnace
40:07 Chemistry
39:50 Heavy Scorpion
43:39 Hand Cart
JAMES GAAND
15:20 Feudal Age
16:07 Double-Bit Axe
17:13 Horse Collar
19:16 Gold Mining
22:35 Forging
22:32 Scale Barding Armor
25:23 Castle Age
24:11 Stone Mining
27:15 Gold Shaft Mining
27:17 Stone Shaft Mining
26:59 Bow Saw
26:53 Caravan
27:31 Iron Casting
27:17 Chain Barding Armor
30:53 Bloodlines
30:44 Husbandry
31:54 Tusk Swords
37:34 Imperial Age
35:45 Wheelbarrow
37:35 Ballistics
38:47 Conscription
38:30 Double Crossbow
37:58 Elite Battle Elephant
38:30 Elite Ballista Elephant
Paul Chuckle
1:25 Loom
13:00 Feudal Age
13:27 Double-Bit Axe
13:25 Horse Collar
20:39 Wheelbarrow
22:10 Castle Age
20:30 Gold Mining
21:04 Stone Mining
22:28 Wheelbarrow
21:40 Town Watch
23:10 Bow Saw
28:47 Heavy Plow
34:26 Imperial Age
33:03 Hand Cart
32:50 Fletching
33:11 Forging
33:02 Scale Mail Armor
32:44 Treadmill Crane
32:56 Guard Tower
33:24 Pikeman
34:05 Squires
34:47 Caravan
36:49 Two-Man Saw
36:44 Gold Shaft Mining
37:20 Masonry
37:07 Murder Holes
37:33 Ballistics
38:16 Parthian Tactics
39:26 Fortified Wall
39:52 Keep
39:44 Yasama
40:06 Conscription
39:09 Elite Skirmisher
40:22 Scale Mail Armor
41:30 Halberdier
42:51 Hoardings
42:38 Arson
43:18 Kataparuto
44:43 Elite Samurai
46:04 Heavy Cavalry Archer
46:48 Husbandry
46:08 Light Cavalry
47:05 Siege Engineers
46:58 Bodkin Arrow
47:18 Chain Mail Armor
47:10 Scale Barding Armor
Badlies
0:35 Loom
11:38 Feudal Age
12:22 Double-Bit Axe
12:20 Horse Collar
19:31 Castle Age
18:43 Scale Barding Armor
18:49 Forging
20:31 Bow Saw
20:23 Heavy Plow
20:46 Bloodlines
20:31 Light Cavalry
28:17 Wheelbarrow
28:19 Gold Mining
33:24 Imperial Age
31:29 Hand Cart
31:51 Ballistics
31:34 Treadmill Crane
31:59 Husbandry
33:34 Stone Mining
33:55 Szlachta Privileges
33:27 Cavalier
35:42 Chemistry
36:14 Crop Rotation
36:36 Conscription
36:41 Lechitic Legacy
36:49 Onager
37:09 Winged Hussar
38:12 Fortified Wall
38:01 Town Watch
40:07 Chain Barding Armor
40:32 Iron Casting
43:03 Blast Furnace
45:09 Fletching
45:20 Padded Archer Armor
46:02 Bodkin Arrow
47:40 Elite Skirmisher
51:57 Caravan
52:27 Coinage
kob61
0:30 Loom
12:17 Feudal Age
12:44 Double-Bit Axe
13:57 Town Watch
14:35 Town Watch
20:35 Wheelbarrow
22:10 Castle Age
21:08 Gold Mining
21:09 Stone Mining
24:11 Bow Saw
24:43 Gold Shaft Mining
24:57 Town Patrol
25:33 Wheelbarrow
28:21 Hand Cart
33:18 Imperial Age
31:56 Ballistics
35:04 Chemistry
34:11 Scale Barding Armor
33:57 Fletching
34:31 Conscription
35:40 Fortified Wall
35:13 Treadmill Crane
36:04 Chain Barding Armor
35:40 Bodkin Arrow
36:28 Coinage
35:58 Caravan
35:40 Cavalier
36:21 Husbandry
35:42 Light Cavalry
36:48 Paladin
38:27 Plate Barding Armor
38:05 Forging
37:58 Scale Mail Armor
38:00 Padded Archer Armor
40:05 Banking
42:44 Squires
Anafartalar Komutanı
12:50 Feudal Age
17:25 Wheelbarrow
16:46 Horse Collar
18:01 Double-Bit Axe
21:41 Gold Mining
24:35 Castle Age
25:58 Bow Saw
30:10 Caravan
30:53 Heavy Plow
30:51 Stone Mining
30:28 Pikeman
31:08 Squires
32:28 Ballistics
32:30 Hand Cart
33:02 Stone Shaft Mining
37:51 Imperial Age
36:58 Scale Barding Armor
36:53 Scale Mail Armor
36:44 Fletching
36:55 Padded Archer Armor
36:26 Elite Skirmisher
37:24 Bloodlines
40:47 Chemistry
40:41 Cavalier
41:33 Halberdier
44:05 Elite Teutonic Knight
45:13 Leather Archer Armor
45:14 Chain Mail Armor
45:09 Forging
44:54 Bodkin Arrow
45:21 Chain Barding Armor
45:50 Heavy Mounted Crossbowman
47:06 Ring Archer Armor
Connection lost

Rejoining the realm…

Still unreachable

The connection could not be restored.

Session expired

The server has moved on; the page needs a fresh start.